 Dungeon Crawl Stone Soup version 0.20.0-15-g7f486f2 (webtiles) character file.

86 Kosschaser the Covered (level 4, -2/29 HPs)
             Began as a Gargoyle Fighter on June 10, 2017.
             Slain by a gnoll
             ... wielding a +0 halberd
              (8 damage)
             ... on level 2 of the Dungeon on June 17, 2017.
             The game lasted 00:06:42 (2021 turns).

Kosschaser the Covered (Gargoyle Fighter)           Turns: 2021, Time: 00:06:43

Health: -2/29      AC: 10    Str: 20    XL:     4   Next: 50%
Magic:  4/4        EV:  7    Int:  8    God:
Gold:   120        SH:  9    Dex: 10    Spells: 3/3 levels left

rFire    . . .     SeeInvis .   a - +0 flail
rCold    . . .     Gourm    .   c - +0 shield
rNeg     + . .     Faith    .   b - +0 scale mail
rPois    ∞         Spirit   .   (no helmet)
rElec    +         Reflect  .   e - scarf {cloud immunity}
rCorr    .         Harm     .   (no gloves)
MR       .....                  (no boots)
Stlth    ..........             (no amulet)
Regen    0.1/turn               (no ring)
MPRegen  0.1/turn               (no ring)

@: no status effects
A: negative energy resistance 1, electricity resistance, unbreathing,
petrification resistance, rot immunity, AC +3
a: no special abilities


You were on level 2 of the Dungeon.
You were not hungry.

You visited 1 branch of the dungeon, and saw 3 of its levels.

You collected 120 gold pieces.

Inventory:

Hand Weapons
 a - a +0 flail (weapon)
Armour
 b - a +0 scale mail (worn)
 c - a +0 shield (worn)
 e - a scarf of cloud immunity (worn)
Scrolls
 h - 2 scrolls of remove curse {unknown}
 i - a scroll of teleportation {unknown}
 j - 3 scrolls of identify {unknown}
 k - a scroll of amnesia {unknown}
 l - a scroll of random uselessness {unknown}
 m - a scroll of magic mapping {unknown}
 n - a scroll of fog {unknown}
 o - a scroll of fear {unknown}
 t - a scroll of immolation {unknown}
Potions
 d - a potion of might
 g - 2 potions of heal wounds {unknown}
 p - a potion of agility {unknown}
 r - a potion of curing {unknown}
Comestibles
 f - 2 bread rations
 q - a meat ration


   Skills:
 + Level 3.8 Fighting
 + Level 2.9 Maces & Flails
 + Level 4.0 Armour
 + Level 0.7 Dodging
 + Level 0.5 Stealth
 + Level 3.7 Shields


You had 3 spell levels left.
You didn't know any spells.

Dungeon Overview and Level Annotations

Branches:
Dungeon (3/15)

Altars:


Innate Abilities, Weirdness & Mutations

You are resistant to torment.
Your stone body is resilient. (AC +3)
You are immune to poison.
You resist negative energy. (rN+)
You are resistant to electric shocks. (rElec)
You can survive without breathing.
You are immune to petrification.
You are immune to rotting.


Message History

You kill the kobold!
You see here a dagger of venom.
There is a stone staircase leading down here.
You climb downwards.
The gnoll hits you with a halberd. You block the gnoll's attack.
The gnoll hits you with a halberd!
A hobgoblin comes into view.
There is a stone staircase leading up here.
You block the gnoll's attack.
You climb upwards.
There is a stone staircase leading down here.
You hit the gnoll.
The gnoll is lightly wounded.
You block the gnoll's attack. The gnoll hits you with a halberd!
* * * LOW HITPOINT WARNING * * *
You see here a halberd.
You block the gnoll's attack. The gnoll barely misses you.
There is an open door here.
The gnoll hits you from afar with a halberd!
You die...

#.##...........#
#......^.....##
...............##
#............##
#.###...........#
#............##
#.###...#######.#
#...#####+##.##
#...'...'.....#.#
#...# #.##.##
#####...####.##.#
#...# #.##.##
##### #.##.#
#...# #..#.##
####.##.###...#
##.#.#
#.......@.g...#
##...## ######
#.###.#.###...#
#...... .....#
#.# #.#.# #...#
#...>.. ####.#
#.# #.#.#
#.#######......
.....# #.# #.#.#
#.##...........
.....# #.# #.#.#
#.##.###.......
.....# #.# #.#.#
#.##<# #.......
.....# #.# #.#.#
#.######.......
.....# #.# #.#.#
#........###'##


You could see a gnoll.

Vanquished Creatures
  A gnoll (D:2)
  An adder (D:2)
  An ooze (D:2)
  2 worms (D:2)
  2 dart slugs (D:2)
  8 bats
  3 giant cockroaches (D:2)
  10 hobgoblins
  5 jackals (D:1)
  A quokka (D:2)
  2 frilled lizards (D:2)
  6 goblins
  3 kobolds
  5 rats
50 creatures vanquished.

Notes
Turn   | Place    | Note
-------+----------+-------------------------------------------
     0 | D:1      | Kosschaser the Gargoyle Fighter began the quest for the Orb.
     0 | D:1      | Reached XP level 1. HP: 14/14 MP: 1/1
   139 | D:1      | Reached XP level 2. HP: 16/19 MP: 2/2
   716 | D:1      | Reached XP level 3. HP: 18/23 MP: 3/3
  1132 | D:2      | Reached skill level 4 in Armour
  1369 | D:2      | Reached XP level 4. HP: 29/29 MP: 4/4
  2021 | D:2      | Slain by a gnoll

Skill      XL: |  1  2  3 |
---------------+----------+-----
Armour         | 4 |  4.0
Fighting       | |  3.8
Maces & Flails | |  2.9
Dodging        | |  0.7
Stealth        | |  0.5
Shields        | |  3.7

Action                   |  1- 3 |  4- 6 || total
-------------------------+-------+-------++-------
Melee: Flail             |   147 |    56 ||   203
  Eat: Chunk             |     2 |     2 ||     4
Armor: Scale mail        |   116 |    32 ||   148
Dodge: Dodged            |    65 |    20 ||    85
Block: Shield            |    81 |    36 ||   117
